AoeStats
← Chasqui

Arena

509984657Analyzed
1v1 RM · 5d ago on Sep 28, 2026· 43m 52s· 2 players
Game mode
Random Map
Map size
Tiny (2 player)
Population
200
Speed
Normal
Resources
Standard
Victory
Conquest
Starting age
Dark Age
Ending age
Imperial Age
RankedLock teamsTeams togetherTeam positionsShared explorationLock speedFull tech treeHidden civsTurbo modeCheats
Victory
Defeat
🇦🇷 Britons · Argentina
484
+20
🇧🇬 Bulgarians · Bulgaria
571
-20
Chasqui
11:16 Feudal Age
12:06 Double-Bit Axe
12:05 Horse Collar
16:22 Wheelbarrow
20:19 Castle Age
20:29 Gold Mining
20:50 Fletching
20:59 Crossbowman
21:06 Pikeman
22:12 Bow Saw
22:43 Husbandry
22:52 Padded Archer Armor
23:03 Forging
25:13 Hand Cart
25:11 Heavy Plow
25:33 Scale Barding Armor
25:33 Scale Mail Armor
29:14 Bodkin Arrow
30:14 Town Watch
33:01 Leather Archer Armor
39:14 Imperial Age
39:33 Chain Mail Armor
39:45 Ballistics
39:22 Murder Holes
40:51 Bracer
42:03 Cavalier
42:08 Arbalester
44:24 Fortified Wall
44:21 Town Patrol
5coinz
10:34 Feudal Age
12:21 Wheelbarrow
13:01 Double-Bit Axe
18:44 Castle Age
20:18 Bow Saw
22:31 Forging
25:53 Iron Casting
25:56 Gold Mining
30:41 Imperial Age
28:56 Squires
29:31 Scale Mail Armor
28:55 Pikeman
29:54 Hand Cart
30:55 Bloodlines
30:51 Husbandry
30:42 Loom
33:07 Cavalier
33:56 Arson
35:38 Scale Barding Armor
42:14 Blast Furnace
41:33 Halberdier
Connection lost

Rejoining the realm…

Still unreachable

The connection could not be restored.

Session expired

The server has moved on; the page needs a fresh start.